 Dungeon Sprint DCSS version bcrawl-1.15.1 (webtiles) character file.

Game seed: 1406176367580134448

3943 Chiseanne the Fighter (level 10, -10/64 HPs)
             Began as a Demonspawn Archaeologist on Sept 30, 2019.
             Was an Initiate of Gozag.
             Mangled by a deep troll (17 damage)
             ... in the Dungeon (Sprint I: "Red Sonja").
             The game lasted 00:07:15 (962 turns).

Chiseanne the Fighter (Demonspawn Archaeologist)     Turns: 962, Time: 00:07:15

Health: -10/64     AC:  3    Str: 10 (12) XL:     10   Next: 1%
Magic:  10/10      EV: 12    Int: 12 (13) God:    Gozag
Gold:   23         SH:  1    Dex: 10 (11) Spells: 9/9 levels left

rFire    + . .     SeeInvis +   f - +8 demon blade "Leech" {vamp, rN+ AC-3 EV-3}
rCold    . . .     Gourm    .   (no shield)
rNeg     + . .     Faith    .   p - +0 ring mail
rPois    .         Spirit   .   c - +1 hat
rElec    .         Reflect  .   (no cloak)
rCorr    .         Harm     .   (no gloves)
MR       .....     NoTele   +   g - -6 pair of boots of Greed {+Inv MR- Int-4 SInv} (curse)
Stlth    +.........             (no amulet)
HPRegen  0.20/turn              (no ring)
MPRegen  0.12/turn              (no ring)

@: no status effects
A: talons 2, slimy green scales 2, [blurry vision 2], [clumsy 1], fire
resistance 1, [frail 3], [no potion heal 1], [subdued magic 1]
a: Potion Petition, Call Merchant, Bribe Branch, Renounce Religion, Evoke
Invisibility


You were in the Dungeon.
You worshipped Gozag.
Gozag was noncommittal.
You were full.

You visited 1 branch You collected 1205 gold pieces.
You spent 360 gold pieces at shops.
You paid 822 gold pieces to Gozag.

Inventory:

Hand Weapons
 f - the +8 demon blade "Leech" (weapon) {vamp, rN+ AC-3 EV-3}

   It inflicts no extra harm, but heals its wielder when it wounds a living foe.
   It affects your AC (-3).
   It affects your evasion (-3).
   It protects you from negative energy.
 o - a +0 dagger of electrocution
 w - a +4 blowgun
Missiles
 a - 164 poisoned needles
 e - 11 curare-tipped needles
 l - 73 sling bullets
Armour
 c - a +1 hat (worn)
 d - a +1 pair of boots
 g - the cursed -6 pair of boots of Greed (worn) {+Inv MR- Int-4 SInv}
   (You found it in the Dungeon)

   It affects your intelligence (-4).
   It affects your resistance to hostile enchantments.
   It lets you see invisible.
   It lets you turn invisible.
   It has a curse placed upon it.
 p - a +0 ring mail (worn)
Wands
 n - a wand of polymorph (9)
Scrolls
 m - 2 scrolls of blinking
Potions
 h - 3 potions of curing
 k - 2 potions of magic
Comestibles
 b - 4 rations {!d}


   Skills:
 * Level 13.0 Fighting
 - Level 8.7 Long Blades
   Level 0.8 Maces & Flails
 * Level 10.7 Armour
 * Level 12.3 Dodging
 - Level 3.0 Stealth


You had 9 spell levels left.
You didn't know any spells.
Your spell library was empty.

Dungeon Overview and Level Annotations

Branches:
Dungeon (1/1)

Altars:
Cheibriados
Dithmenos
Elyvilon
Fedhas
Gozag
Hepliaklqana
Kikubaaqudgha
Nemelex Xobeh
Okawaru
Qazlal
Ru
Sif Muna
Trog
Uskayaw
Vehumet
Wu Jian
Yredelemnul
Zin
The Shining One

Shops:
D (:%:(([


Innate Abilities, Weirdness & Mutations

You have razor-sharp toenails.
You are mostly covered in slimy green scales. (AC +3)
Your flesh is heat resistant. (rF+)
[Scrolls take you longer to read.]
[You are clumsy. (Dex -2)]
[You are extremely frail. (-30% HP)]
[Potions are less effective at restoring your health.]
[Your spells are a little easier to cast, but a little less powerful.]


Message History

You slice the deep troll!!
You feel better.
The deep troll is heavily wounded.
The deep troll barely misses you. The deep troll claws you!
The deep troll closely misses you.
You slash the deep troll!
You feel better.
The deep troll is almost dead.
The deep troll bites you! The deep troll claws you!
* * * LOW HITPOINT WARNING * * *
The deep troll claws you!
* * * LOW HITPOINT WARNING * * *
You hit the deep troll.
You feel better.
The deep troll is almost dead.
The deep troll barely misses you. The deep troll misses you.
The deep troll claws you.
* * * LOW HITPOINT WARNING * * *
You slash the deep troll!
You feel better.
The deep troll is almost dead.
The deep troll bites you!
You die...
Your body crumbles into a pile of gold.

#..#####'#####'# $
#..####..#...#.# $
#..#__####..##[# $$
#..#_____##'#_§+
#⌠⌠#_.∩...'.).§# $$
####_..__##_[#'#
$$#_____###'#.# $ $
############∩####+###
$
#∩.....∩..'...@T$.$$+
###''''####...#######
$ $ #.......####.###
$ #........#.#'#.# $
$ #..#.....#.....# $
$ #........#.....#
#.....#..#######
#........# $
#..#.....# $ $$


You could see a deep troll.

Vanquished Creatures
  8 shining eyes (D)
  Sigmund (D)
  A yak (D)
  4 floating eyes (D)
  An ogre (D)
  A big kobold (D)
  A jelly (D)
  Ijyb (D)
  3 ballistomycetes (D)
  A ballistomycete spore (D)
22 creatures vanquished.

Vanquished Creatures (others)
  A ballistomycete spore (D)
1 creature vanquished.

Grand Total: 23 creatures vanquished

Notes
Turn   | Place    | Note
-------+----------+-------------------------------------------
     0 | D        | Chiseanne the Demonspawn Archaeologist began the quest for
                  | the Orb.
     0 | D        | Reached XP level 1. HP: 15/15 MP: 1/1
     1 | D        | Noticed Ijyb
    25 | D        | Killed Ijyb
    25 | D        | Reached skill level 4 in Fighting
    25 | D        | Gained mutation: You have sharp toenails. [demonic
                  | ancestry]
    25 | D        | Reached XP level 2. HP: 10/25 MP: 2/2
   212 | D        | Noticed an ogre
   218 | D        | Killed an ogre
   218 | D        | Reached skill level 6 in Fighting
   218 | D        | Gained mutation: Your flesh is heat resistant. (rF+)
                  | [demonic ancestry]
   218 | D        | Reached XP level 3. HP: 23/35 MP: 3/3
   218 | D        | Gained mutation: You are partially covered in slimy green
                  | scales. (AC +2) [demonic ancestry]
   218 | D        | Reached XP level 4. HP: 27/41 MP: 4/4
   229 | D        | Noticed Sigmund
   239 | D        | Killed Sigmund
   239 | D        | Reached XP level 5. HP: 42/47 MP: 5/5
   253 | D        | Found a shimmering blue altar of Sif Muna.
   254 | D        | Found an ornate altar of the Wu Jian Council.
   255 | D        | Found a radiant altar of Vehumet.
   261 | D        | Reached skill level 1 in Armour
   261 | D        | Gained mutation: You have razor-sharp toenails. [demonic
                  | ancestry]
   261 | D        | Reached XP level 6. HP: 53/53 MP: 6/6
   277 | D        | Found Viterapny's Book Emporium.
   277 | D        | Found an ancient bone altar of Kikubaaqudgha.
   277 | D        | Found a hazy altar of Hepliaklqana.
   277 | D        | Found a hide-covered altar of Uskayaw.
   277 | D        | Found a basalt altar of Yredelemnul.
   277 | D        | Found an opulent altar of Gozag.
   277 | D        | Found a snail-covered altar of Cheibriados.
   277 | D        | Found a sacrificial altar of Ru.
   277 | D        | Found a shadowy altar of Dithmenos.
   277 | D        | Noticed a yak
   278 | D        | Found a stormy altar of Qazlal.
   278 | D        | Found a blossoming altar of Fedhas.
   278 | D        | Found a bloodstained altar of Trog.
   278 | D        | Found an iron altar of Okawaru.
   278 | D        | Found a glowing golden altar of the Shining One.
   278 | D        | Found a glowing silver altar of Zin.
   278 | D        | Found a white marble altar of Elyvilon.
   285 | D        | Killed a yak
   285 | D        | Reached skill level 7 in Fighting
   286 | D        | Found a sparkling altar of Nemelex Xobeh.
   294 | D        | Became a worshipper of Gozag Ym Sagoz the Greedy
   300 | D        | Noticed Sonja
   303 | D        | Noticed Sonja
   303 | D        | Sonja changed into Sonja the big kobold
   310 | D        | Killed Sonja the big kobold
   310 | D        | Reached skill level 8 in Fighting
   524 | D        | Got a pair of distressingly furry boots
   538 | D        | Identified the cursed -6 pair of boots of Greed {+Inv MR-
                  | Int-4 SInv} (You found it in the Dungeon)
   786 | D        | Found Sadah's Weapon Boutique.
   800 | D        | Noticed a floating eye
   800 | D        | Noticed a shining eye
   800 | D        | Noticed a floating eye
   800 | D        | Noticed a shining eye
   800 | D        | Noticed a floating eye
   800 | D        | Noticed a shining eye
   807 | D        | Killed a floating eye
   807 | D        | Reached XP level 7. HP: 50/56 MP: 7/7
   815 | D        | Killed a shining eye
   815 | D        | Reached skill level 9 in Fighting
   819 | D        | Paralysed by a floating eye for 3 turns
   828 | D        | Paralysed by a floating eye for 2 turns
   832 | D        | Killed a shining eye
   832 | D        | Reached skill level 10 in Fighting
   832 | D        | Reached skill level 10 in Dodging
   832 | D        | Gained mutation: You are mostly covered in slimy green
                  | scales. (AC +3) [demonic ancestry]
   832 | D        | Reached XP level 8. HP: 50/58 MP: 8/8
   847 | D        | Killed a shining eye
   847 | D        | Reached skill level 11 in Fighting
   848 | D        | Noticed a shining eye
   848 | D        | Noticed a shining eye
   848 | D        | Noticed a shining eye
   859 | D        | Killed a shining eye
   859 | D        | Reached XP level 9. HP: 74/82 MP: 7/9
   868 | D        | Killed a shining eye
   868 | D        | Reached skill level 12 in Fighting
   869 | D        | Noticed a shining eye
   869 | D        | Noticed a shining eye
   878 | D        | Paralysed by a floating eye for 2 turns
   886 | D        | Killed a shining eye
   886 | D        | Reached skill level 10 in Armour
   892 | D        | Killed a shining eye
   897 | D        | Killed a shining eye
   897 | D        | Reached skill level 13 in Fighting
   897 | D        | Reached XP level 10. HP: 64/64 MP: 8/10
   908 | D        | Bought a ration for 60 gold pieces
   908 | D        | Bought a ration for 60 gold pieces
   908 | D        | Bought a ration for 60 gold pieces
   908 | D        | Bought a ration for 60 gold pieces
   908 | D        | Bought a ration for 60 gold pieces
   908 | D        | Bought a ration for 60 gold pieces
   919 | D        | Found Eboo's Weapon Shop.
   919 | D        | Found Gumnesid's Book Shoppe.
   919 | D        | Found Gyckuz's Antique Weapon Boutique.
   919 | D        | Found Zofiuritt's Food Emporium.
   954 | D        | Noticed a deep troll
   962 | D        | Mangled by a deep troll

Skill      XL: |  1  2  3  4  5  6  7  8  9 |
---------------+----------------------------+-----
Fighting       | 4 6 8 10 11 13 | 13.0
Dodging        | 4 6 8 10 11 12 | 12.3
Long Blades    | 8 |  8.7
Armour         | 1 4 7 9 10 | 10.7
Maces & Flails | |  0.8
Stealth        | |  3.0

Action                   |  1- 3 |  4- 6 |  7- 9 | 10-12 || total
-------------------------+-------+-------+-------+-------++-------
Melee: Whip              |    16 |       |       |       ||    16
       Unarmed           |     4 |       |       |       ||     4
       Dagger            |     5 |     8 |       |       ||    13
       Demon blade       |       |    26 |    68 |     6 ||   100
Invok: Call Merchant     |       |     1 |       |     1 ||     2
Evoke: Wand              |       |     2 |       |       ||     2
  Use: Potion            |     2 |     1 |       |     1 ||     4
       Scroll            |       |     1 |       |       ||     1
  Eat: Ration            |       |     1 |       |     2 ||     3
Armor: Robe              |     3 |       |       |       ||     3
       Ring mail         |       |     5 |       |       ||     5
Dodge: Dodged            |     5 |     7 |       |     4 ||    16
